 Dungeon Crawl Stone Soup version 0.27-a0-1147-gb3d8e82157 (webtiles) character file.

Game seed: 1067285396233827871

214 shoop the Chucker (level 5, -6/54 HPs)
             Began as an Ogre Arcane Marksman on May 11, 2021.
             Mangled by Grinder (7 damage)
             ... while paralysed by Grinder
             ... on level 3 of the Dungeon.
             The game lasted 00:11:43 (4784 turns).

shoop the Chucker (Ogre Arcane Marksman)            Turns: 4784, Time: 00:11:43

Health: -6/54      AC:  3    Str: 15    XL:     5   Next: 92%
Magic:  7/8        EV:  1    Int: 14    God:
Gold:   103        SH:  0    Dex:  9    Spells: 5/8 levels left

rFire    . . .     SeeInvis .   m - +0 short sword (protect)
rCold    . . .     Faith    .   (no shield)
rNeg     . . .     Spirit   .   a - +0 robe
rPois    .         Reflect  .   (helmet restricted)
rElec    .         Harm     .   (no cloak)
rCorr    .         Rampage  .   (gloves unavailable)
Will     .....                  (boots unavailable)
Stlth    +.........             (no amulet)
HPRegen  0.18/turn              (no ring)
MPRegen  0.11/turn              (no ring)

@: paralysed
A: large, unfitting armour, tough skin 1
a: no special abilities


You were on level 3 of the Dungeon.
You visited 1 branch of the dungeon, and saw 3 of its levels.

You collected 103 gold pieces.

Inventory:

Hand Weapons
 b - a +0 hand axe
 m - a +0 short sword of protection (weapon)
Armour
 a - a +0 robe (worn)
Scrolls
 f - a scroll of amnesia {unknown}
 g - a scroll of noise {unknown}
 h - 2 scrolls of vulnerability {unknown}
 i - 3 scrolls of identify {unknown}
 j - a scroll of enchant armour {unknown}
 k - 2 scrolls of blinking {unknown}
Potions
 l - a potion of haste {unknown}


   Skills:
 - Level 4.0 Fighting
 + Level 4.6 Throwing
 - Level 2.0 Dodging
 - Level 2.0 Spellcasting
 - Level 3.0 Hexes


You had 5 spell levels left.
You knew the following spells:

 Your Spells              Type           Power      Damage    Failure   Level
a - Corona                Hex            10%        N/A       7%          1
b - Slow                  Hex            9%         N/A       11%         2

Your spell library contained the following spells:

 Spells                   Type           Power      Damage    Failure   Level
 Inner Flame              Hex/Fire       5%         N/A       36%         3
 Portal Projectile        Hex/Tloc       10%        N/A       36%         3
 Cause Fear               Hex            4%         N/A       56%         4
 Leda's Liquefaction      Hex/Erth       2%         N/A       77%         4


Dungeon Overview and Level Annotations

Branches:
Dungeon (3/15)

Altars:

Annotations:
D:3 Grinder, Ijyb


Innate Abilities, Weirdness & Mutations

You are too large for most types of armour.
You have tough skin. (AC +1)


Message History

Your transformation is almost over.
Ijyb hits you but does no damage.
You hit Ijyb but do no damage.
Ijyb zaps a wand.
The puff of flame hits you but does no damage.
Throw: throwing net
Press: ? - help, Q - select action, (/) - cycle Shift-Dir - straight line, f/p - Ijyb
Aim: Ijyb, wielding a +0 club, wearing a +0 scale mail and carrying a wand of flame (7) (softly glowing, 74% to hit)
You throw a throwing net. The throwing net hits Ijyb.
Ijyb is caught in the net!
Ijyb zaps a wand.
The puff of flame hits you but does no damage.
Ijyb struggles against the net.
You hit Ijyb but do no damage.
Grinder blinks!
You hit Ijyb.
Ijyb is lightly wounded.
Ijyb stops glowing.
Ijyb struggles against the net.
You strike the helpless Ijyb from behind!
You hit Ijyb.
Ijyb is lightly wounded.
Ijyb struggles against the net.
Grinder gestures at you.
You suddenly lose the ability to move!
Ijyb struggles against the net.
Ijyb grins evilly.
Ijyb struggles against the net.
The net rips apart, and Ijyb comes free!
Grinder hits you but does no damage.
You feel less wooden.
Your +0 robe unmelds from your body.
Ijyb zaps a wand.
The puff of flame hits you.
* * * LOW HITPOINT WARNING * * *
Grinder hits you but does no damage. Ijyb hits you with a +0 club.
* * * LOW HITPOINT WARNING * * *
Grinder hits you.
* * * LOW HITPOINT WARNING * * *
Ijyb hits you with a +0 club.
* * * LOW HITPOINT WARNING * * *
Grinder hits you!
You die...

###### .....########
########........#####
.<..................#
#########.#####.###.#
# #.# #.# # #.# #.# #
#.# #.###### ###
#(@5...# #g####.# #.#
# +.# #!. #.. #..#
#..# #..#


You could see Grinder and Ijyb.

Vanquished Creatures
  A black bear (D:2)
  5 gnolls
  An adder (D:2)
  A worm (D:2)
  A dart slug (D:1)
  7 ball pythons
  4 endoplasms
  5 giant cockroaches
  7 goblins
  4 hobgoblins
  5 jackals (D:1)
  3 quokkas
  7 bats
  3 frilled lizards
  7 kobolds
  7 rats
68 creatures vanquished.

Notes
Turn   | Place    | Note
-------+----------+-------------------------------------------
     0 | D:1      | shoop the Ogre Arcane Marksman began the quest for the Orb.
     0 | D:1      | Reached XP level 1. HP: 19/19 MP: 2/2
   561 | D:1      | Reached XP level 2. HP: 7/29 MP: 0/3
  1010 | D:1      | Reached XP level 3. HP: 7/39 MP: 1/4
  1452 | D:1      | Learned a level 2 spell: Slow
  2626 | D:2      | Reached XP level 4. HP: 33/48 MP: 3/6
  3753 | D:2      | Noticed a black bear
  3763 | D:2      | Killed a black bear
  3764 | D:2      | Reached XP level 5. HP: 53/54 MP: 4/8
  4724 | D:3      | Noticed Grinder
  4742 | D:3      | Noticed Ijyb
  4767 | D:3      | Paralysed by Grinder for 5 turns
  4779 | D:3      | Paralysed by Grinder for 7 turns
  4784 | D:3      | HP: 1/54 [Ijyb/+0 club (4)]
  4784 | D:3      | Mangled by Grinder

Illustrated notes

Levels and vault maps discovered:
D:1:      saegor_arrival_simple_c, layout_basic, st_stairs_5,
          minmay_misc_feat_diagonals, minmay_pentomino_p4
D:2:      minmay_chambers_of_ones, layout_loops_corners,
          grunt_decor_mini_mirrors
D:3:      layout_loops_ring, minmay_overflow_temple_star_hex,
          ebering_ghost_rock_garden, kennysheep_generic_room_14, uniq_grinder,
          uniq_ijyb

Skill      XL: |  1  2  3  4 |
---------------+-------------+-----
Fighting       | 2 3 4 |  4.0
Dodging        | 2 |  2.0
Hexes          | 3 |  3.0
Spellcasting   | 2 |  2.0
Throwing       | 4 |  4.6

Action                   |  1- 3 |  4- 6 || total
-------------------------+-------+-------++-------
Melee: Unarmed           |    48 |       ||    48
       Short sword       |    36 |   150 ||   186
       Hand axe          |    99 |    22 ||   121
Throw: Large rock        |     3 |     8 ||    11
       Throwing net      |     1 |     2 ||     3
 Cast: Corona            |    28 |    15 ||    43
       Slow              |     4 |     6 ||    10
  Use: Potion            |       |     3 ||     3
 Stab: Held in net/web   |     1 |     1 ||     2
Armor: Robe              |    61 |    47 ||   108
       Skin              |       |    53 ||    53
Dodge: Dodged            |    94 |    81 ||   175

Table legend: (Time is in decaauts)
 A = Elapsed time spent in this place.
 B = Non-inter-level travel time spent in this place.
 C = Inter-level travel time spent in this place.
 D = Time resting spent in this place.
 E = Time spent auto-exploring this place.
 F = Levels seen in this place.
 G = Mean time per level.
                   A        B        C        D        E       F      G
               +--------+--------+--------+--------+--------+-----+--------+
         Total |   4846 |   4791 |     55 |   1474 |   2480 |   3 | 1615.3 |
       Dungeon |   4846 |   4791 |     55 |   1474 |   2480 |   3 | 1615.3 |
               +--------+--------+--------+--------+--------+-----+--------+

Top non-repeatable levels by time:
     D:1: 2470 daAuts
     D:2: 2137 daAuts
     D:3: 237 daAuts
